 Dungeon Crawl Stone Soup version 0.31-a0-1540-g5a0b83f448 (webtiles) character file.

Game seed: 6883474108561333514

196098 NateTC the Tortoise (level 18, -4/129 HPs)
             Began as a Gargoyle Fighter on Dec 16, 2023.
             Was an Initiate of Gozag.
             Incinerated by a sun moth (8 damage)
             ... with a flurry of pyrophoric scales
             ... on level 3 of the Spider Nest on Jan 2, 2024.
             The game lasted 01:58:54 (34164 turns).

NateTC the Tortoise (Gargoyle Fighter)             Turns: 34164, Time: 01:58:55

Health: -4/129     AC: 51    Str: 27 (28) XL:     18   Next: 36%
Magic:  18/18      EV: 37    Int: 11      God:    Gozag
Gold:   7500       SH: 19    Dex:  7 (9)  Spells: 17/17 levels left

rFire   + . .        K - +8 morningstar "Vos Juy" {venom, *Rage rElec Will+++ Str+2}
rCold   . . .        t - +2 tower shield
rNeg    + . .        E - +3 plate armour {rF+}
rPois   ∞            V - +2 helmet
rElec   +            M - +2 cloak {Will+}
rCorr   .            J - +2 pair of gloves {hurl}
SInv    .            Y - +2 pair of boots
Will    +++++        l - amulet of the acrobat Stlth
                     w - +5 ring of evasion
HPRegen 0.41/turn    X - ring of the Hare {EV+10}
MPRegen 0.16/turn

%: random rage (20%), acrobat
@: on fire, gold aura, on berserk cooldown, acrobatic, flying, slowed, glowing,
studying Ranged Weapons, very slow
A: sickness immunity, AC +13, big wings, negative energy resistance 1,
electricity resistance, torment resistance 1, petrification resistance
}: 1/15 runes: barnacled
a: Renounce Religion, Potion Petition, Call Merchant, Bribe Branch


You were on level 3 of the Spider Nest.
You worshipped Gozag.
Gozag was greatly pleased with you.
You visited 5 branches of the dungeon, and saw 30 of its levels.
You also visited: Gauntlet.

You collected 9746 gold pieces.
You spent 1511 gold pieces at shops.
You paid 735 gold pieces to Gozag.

Inventory:

Hand Weapons
 K - the +8 morningstar "Vos Juy" (weapon) {venom, *Rage rElec Will+++ Str+2}
   (You found it in a Gauntlet)

   Str+2:     It affects your strength (+2).
   rElec:     It insulates you from electricity.
   Will+++:   It greatly increases your willpower.
   *Rage:     It berserks you when you make melee attacks (+20% chance).
Armour
 t - a +2 tower shield (worn)
 E - a +3 plate armour of fire resistance (worn)
 J - a +2 pair of gloves of hurling (worn)
 M - a +2 cloak of willpower (worn)
 V - a +2 helmet (worn)
 Y - a +2 pair of boots (worn)
Jewellery
 l - an amulet of the acrobat (around neck)
 w - a +5 ring of evasion (left hand)
 P - a ring of ice
 W - a ring of willpower
 X - the ring of the Hare (right hand) {EV+10}
   (You found it on level 1 of the Spider Nest)

   [ring of evasion]

   EV+10:     It affects your evasion (+10).
Wands
 k - a wand of light (3)
 o - a wand of charming (13)
 q - a wand of polymorph (2)
 v - a wand of flame (41)
 A - a wand of digging (4)
 G - a wand of mindburst (20)
 H - a wand of iceblast (29)
Scrolls
 c - 8 scrolls of fog
 d - a scroll of summoning
 e - 8 scrolls of blinking
 g - 7 scrolls of revelation
 i - 13 scrolls of teleportation
 j - 3 scrolls of enchant weapon
 p - 4 scrolls of noise
 r - 4 scrolls of fear
 B - 6 scrolls of identify
 D - 3 scrolls of poison
 I - 3 scrolls of brand weapon
 N - 3 scrolls of amnesia
 O - 5 scrolls of vulnerability
 S - 3 scrolls of immolation
 U - 2 scrolls of torment
 Z - 2 scrolls of silence
Potions
 b - 4 potions of attraction
 f - 8 potions of mutation
 h - 3 potions of brilliance
 m - 15 potions of curing
 n - 3 potions of ambrosia
 s - 4 potions of berserk rage
 u - 4 potions of haste
 x - 5 potions of resistance
 y - 2 potions of heal wounds
 z - 2 potions of magic
 F - a potion of might
 Q - a potion of cancellation
 T - 2 potions of lignification
Miscellaneous
 a - a lightning rod (4/4)
 C - a phial of floods
 L - a tin of tremorstones (2/2)
 R - a phantom mirror (quivered)


   Skills:
 + Level 19.7 Fighting
 - Level 16.0 Maces & Flails
 - Level 20.2 Armour
 * Level 16.3 Shields
 - Level 11.1 Evocations


You had 17 spell levels left.
You didn't know any spells.
Your spell library contained the following spells:

 Spells                   Type           Power      Damage    Failure   Level
 Apportation              Tloc           0%         N/A       98%         1
 Foxfire                  Conj/Fire      0%         2x1d4     98%         1
 Kiss of Death            Conj/Necr      0%         2d5       98%         1
 Magic Dart               Conj           0%         1d3       98%         1
 Sting                    Conj/Alch      0%         1d3       98%         1
 Blink                    Tloc           0%         N/A       99%         2
 Call Imp                 Summ           0%         N/A       99%         2
 Ensorcelled Hibernation  Hex/Ice        0%         N/A       99%         2
 Jinxbite                 Hex            0%         N/A       99%         2
 Scorch                   Fire           0%         2d5       99%         2
 Searing Ray              Conj           0%         2d4       99%         2
 Dazzling Flash           Conj/Hex       0%         N/A       100%        3
 Frozen Ramparts          Ice            0%         1d1       100%        3
 Fugue of the Fallen      Necr           0%         N/A       100%        3
 Gell's Gravitas          Tloc           0%         N/A       100%        3
 Inner Flame              Hex/Fire       0%         N/A       100%        3
 Stone Arrow              Conj/Erth      0%         3d7       100%        3
 Summon Ice Beast         Ice/Summ       0%         N/A       100%        3
 Teleport Other           Tloc           0%         N/A       100%        3
 Tukima's Dance           Hex            0%         N/A       100%        3
 Volatile Blastmotes      Fire/Tloc      0%         2d10      100%        3
 Anguish                  Hex/Necr       0%         N/A       100%        4
 Animate Armour           Summ/Erth      0%         N/A       100%        4
 Brom's Barrelling Bould  Conj/Erth      0%         2d3       100%        4
 Cause Fear               Hex            0%         N/A       100%        4
 Dimensional Bullseye     Hex/Tloc       0%         N/A       100%        4
 Flame Wave               Conj/Fire      0%         2d4       100%        4
 Fulminant Prism          Conj/Alch      0%         3d5       100%        4
 Ignite Poison            Fire/Alch      0%         N/A       100%        4
 Iskenderun's Mystic Bla  Conj/Tloc      0%         2d3       100%        4
 Leda's Liquefaction      Alch/Erth      0%         N/A       100%        4
 Passage of Golubria      Tloc           0%         N/A       100%        4
 Petrify                  Alch/Erth      0%         N/A       100%        4
 Sticky Flame             Fire/Alch      0%         2d4       100%        4
 Alistair's Intoxication  Alch           0%         N/A       100%        5
 Fireball                 Conj/Fire      0%         3d3       100%        5
 Irradiate                Conj/Alch      0%         3d11      100%        5
 Iskenderun's Battlesphe  Conj           0%         2d6       100%        5
 Metabolic Englaciation   Hex/Ice        0%         N/A       100%        5
 Summon Mana Viper        Hex/Summ       0%         N/A       100%        5
 Yara's Violent Unravell  Hex/Alch       0%         3d3       100%        5
 Conjure Ball Lightning   Conj/Air       0%         3x3d6     100%        6
 Dispersal                Tloc           0%         N/A       100%        6
 Plasma Beam              Fire/Air       0%         2x1d10    100%        6
 Starburst                Conj/Fire      0%         6d3       100%        6
 Summon Cactus Giant      Summ           0%         N/A       100%        6
 Monstrous Menagerie      Summ           0%         N/A       100%        7
 Orb of Destruction       Conj           0%         9d5       100%        7
 Ignition                 Fire           0%         3d3       100%        8
 Lehudib's Crystal Spear  Conj/Erth      0%         10d2      100%        8
 Maxwell's Capacitive Co  Air            0%         ∞         100%        8
 Chain Lightning          Conj/Air       0%         N/A       100%        9
 Death's Door             Necr           0%         N/A       100%        9
 Dragon's Call            Summ           0%         N/A       100%        9
 Fire Storm               Conj/Fire      0%         5d1       100%        9
 Shatter                  Erth           0%         3d5*      100%        9
 Cigotuvi's Dreadful Rot  Necr/Alch/Air  Unusable   N/A       N/A         2
 Sublimation of Blood     Necr           Unusable   N/A       N/A         2

Dungeon Overview and Level Annotations

Branches:
Dungeon (15/15) Zot: 24997  Temple (0/1) D:4            Lair (5/5) D:9 Zot: 23821
 Shoals (4/4) Lair:3 Zot: 17710  Spider (4/4) Lair:2 Zot: 20231   Slime (0/5) Lair:5
    Orc (2/2) D:11 Zot: 9904     Elf (0/3) Orc:2        Vaults (0/5) D:13
 Depths (0/4) D:15        Gauntlet (visited)

Altars:
Ashenzari
Dithmenos
Elyvilon
Gozag
Hepliaklqana
Ru
Sif Muna
Uskayaw
Vehumet
Wu Jian
Xom
Yredelemnul
The Shining One
Jiyva

Shops:
D:4 *   Orc:2 [(*=[   Shoals:3 ([

Annotations:
D:7 2 transporters, MachoJfn's ghost, novice DsGl
D:9 1 runed translucent door, pigah's ghost, novice OpSh
Lair:3 3 runed translucent doors, freelancePsychic's ghost, journeyman DjSh


Innate Abilities, Weirdness & Mutations

You are immune to sickness and miasma.
Your stone body is resilient. (AC +13)
You are immune to poison.
Your large and strong wings let you fly.
You resist negative energy. (rN+)
You are resistant to electric shocks. (rElec)
You are resistant to unholy torment.
You are immune to petrification.


Message History

The moth of wrath is no longer distracted by gold.
You block the redback's attack. The redback misses you.
You shake off some of the fire as you move.
You fly upwards.
You feel your anger nearly subside. The liquid fire burns you!
* * * LOW HITPOINT WARNING * * *
You are no longer berserk.
You are exhausted.
You feel yourself slow down.
There is a stone staircase leading down here.
You puncture the redback!
The redback is poisoned.
The redback is moderately wounded.
The liquid fire burns you!
* * * LOW HITPOINT WARNING * * *
The redback completely misses you. You block the redback's attack.
You closely miss the redback.
The redback is heavily wounded.
The liquid fire burns you!
* * * LOW HITPOINT WARNING * * *
The redback completely misses you.
The redback bites you but does no damage.
You hit the redback but do no damage.
The redback looks as sick as possible!
The redback is severely wounded.
The liquid fire burns you!
* * * LOW HITPOINT WARNING * * *
You block the redback's attack.
You miss the redback.
The redback is almost dead.
The liquid fire burns you!
* * * LOW HITPOINT WARNING * * *
You block the redback's attack. The redback barely misses you.
You sock the redback!
You kill the redback!
The liquid fire burns you!
* * * LOW HITPOINT WARNING * * *
You shake off some of the fire as you move.
The liquid fire burns you!
You die...
Your body crumbles into a pile of gold.

...###......#.....#..##....#.##
....###.....###.####^##....^..#
..<.^#^.....# ##......#####...#
.....##....####.....^##..#...##
.....#...................#...#
.....##..#......#.......#...###
.#.....###......#.#....##.....#
...#....#....^#####.####.....##
...#...##.)...#>@...#..#..####
.....###...##...$.......###.##
...^..###..###..^.#..........#
...####.##..####.##.........###
>.###....###.#...#.........#..#
.....##.######............##..#
#..^####..............#####...#
#######.#.^##..###..#.# #....#
...#.##....#...# ###^.# ###..#


There were no monsters in sight!

Vanquished Creatures
  2 krakens
  Roxanne (D:15)
  Ilsuiw (Shoals:2)
  An emperor scorpion (Spider:3)
  Louise (Shoals:4)
  2 orc warlords (Orc:2)
  4 ghost moths
  2 broodmothers (Spider:1)
  A very ugly thing (D:15)
  A spark wasp (Spider:2)
  Azrael (Spider:3)
  A minotaur (Gauntlet)
  An ettin (Orc:2)
  9 merfolk impalers
  Josephine (Lair:3)
  4 merfolk javelineers
  2 entropy weavers
  A vault guard (D:13)
  A fire dragon (D:13)
  A great orb of eyes (Gauntlet)
  6 hydras
  2 jorogumos
  An ogre mage (D:15)
  Erica (Lair:2)
  A radroach (Spider:1)
  3 alligator snapping turtles
  5 centaur warriors
  A dancing weapon (D:14)
  10 merfolk avatars
  5 satyrs
  6 two-headed ogres
  10 boulder beetles
  A deep troll earth mage (D:15)
  A tengu warrior (D:13)
  2 demonic crawlers
  An orc high priest (Orc:2)
  Nergalle (D:10)
  4 skysharks
  3 fire crabs
  5 pharaoh ants
  12 sea snakes
  A sun moth (Spider:4)
  A glowing orange brain (D:13)
  Pikel (D:8)
  7 orb spiders
  10 harpies
  2 arcanists
  A harpy (shapeshifter) (D:14)
  2 deep elf pyromancers (D:13)
  2 steelbarb worms
  19 ugly things
  3 orc sorcerers (Orc:2)
  7 orc knights
  16 wolf spiders
  9 cyclopes
  16 fauns
  2 oklob plants
  2 kobold blastminers (Orc:2)
  16 manticores
  8 elephants (Lair:5)
  3 water nymphs
  2 black mambas
  10 merfolk sirens
  3 torpor snails
  9 cane toads
  A cane toad (shapeshifter) (D:15)
  A gargoyle (D:11)
  Maggie (Lair:2)
  A rime drake (Lair:1)
  2 yaktaurs
  Jeremiah (D:5)
  An efreet (D:15)
  Psyche (D:8)
  A kobold demonologist (D:13)
  A rime drake (shapeshifter) (D:15)
  6 komodo dragons
  A freezing wraith (D:14)
  2 tengu conjurers
  6 polar bears
  22 merfolk
  10 trolls
  2 meliai
  A queen bee (Gauntlet)
  Prince Ribbit (D:8)
  20 tarantellas
  3 wind drakes
  7 blink frogs
  15 dream sheep
  4 hornets
  9 snapping turtles
  9 slime creatures
  15 jumping spiders
  A shadow (D:11)
  5 water elementals
  15 culicivoras
  5 wyverns
  5 wraiths
  A basilisk (shapeshifter) (D:13)
  50 yaks
  2 fire bats (Shoals:3)
  3 fire elementals (Spider:3)
  Eustachio (D:5)
  3 basilisks
  4 steam dragons
  A redback simulacrum (D:12)
  A warg (Orc:2)
  30 redbacks
  3 acid dragons
  2 hell hounds (Spider:3)
  18 water moccasins
  32 orc warriors
  5 black bears
  3 wolves (Lair:2)
  4 centaurs
  6 ogres
  Blork the orc (D:5)
  10 bullfrogs
  3 gnoll sergeants
  4 scorpions
  3 wights (D:9)
  21 killer bees
  4 howler monkeys
  An electric eel (Spider:3)
  3 hounds (D:5)
  2 jellies
  16 orc priests
  A gnoll bouda (D:8)
  A sleepcap (D:6)
  4 iguanas
  21 orc wizards
  Robin (D:2)
  13 gnolls
  8 adders
  3 shadow imps
  4 ufetubi
  4 ribbon worms
  2 dart slugs
  73 orcs
  6 ball pythons
  3 bats
  6 endoplasms
  A giant cockroach (D:1)
  12 goblins
  9 hobgoblins
  4 jackals (D:2)
  6 quokkas
  A frilled lizard (D:1)
  6 kobolds
  5 rats
  4 tentacles
881 creatures vanquished.

Vanquished Creatures (others)
  A merfolk aquamancer (Shoals:4)
  A harpy (Shoals:3)
  A tarantella (Spider:2)
  19 tentacles
22 creatures vanquished.

Grand Total: 903 creatures vanquished

Notes
Turn   | Place    | Note
-------+----------+-------------------------------------------
     0 | D:1      | NateTC the Gargoyle Fighter began the quest for the Orb.
     0 | D:1      | Reached XP level 1. HP: 14/14 MP: 1/1
    78 | D:1      | Reached XP level 2. HP: 20/20 MP: 2/2
   389 | D:1      | Found a faded altar of an unknown god.
   662 | D:1      | You fall into a shaft and drop 1 floor!
   685 | D:2      | Reached XP level 3. HP: 24/24 MP: 3/3
   739 | D:2      | Noticed Robin
   774 | D:2      | Reached XP level 4. HP: 17/30 MP: 4/4
   783 | D:2      | Killed Robin
   861 | D:2      | Reached skill level 5 in Fighting
  1895 | D:3      | Found a glowing golden altar of the Shining One.
  2074 | D:3      | Reached XP level 5. HP: 30/35 MP: 5/5
  2123 | D:3      | Found a broken altar of Ashenzari.
  2202 | D:3      | Found an opulent altar of Gozag.
  2217 | D:3      | Became a worshipper of Gozag Ym Sagoz the Greedy
  2339 | D:3      | Found a shimmering blue altar of Sif Muna.
  2512 | D:4      | Noticed an ogre
  2517 | D:4      | Killed an ogre
  2518 | D:4      | Reached XP level 6. HP: 37/41 MP: 6/6
  2530 | D:4      | Found a staircase to the Ecumenical Temple.
  2531 | D:4      | Found a shimmering altar of Xom.
  2571 | D:4      | Found a radiant altar of Vehumet.
  2740 | D:4      | Found Hethug's Assorted Antiques.
  2741 | D:4      | Found a hide-covered altar of Uskayaw.
  2852 | D:4      | Found a white marble altar of Elyvilon.
  2905 | D:4      | Found a faded altar of an unknown god.
  2964 | D:4      | Found a hazy altar of Hepliaklqana.
  3216 | D:5      | Entered Level 5 of the Dungeon
  3315 | D:5      | Reached XP level 7. HP: 46/48 MP: 7/7
  3360 | D:5      | Noticed Blork the orc
  3369 | D:5      | Killed Blork the orc
  3488 | D:5      | Reached skill level 5 in Maces & Flails
  3561 | D:5      | Found an ornate altar of the Wu Jian Council.
  3867 | D:5      | Noticed Eustachio
  3895 | D:5      | Killed Eustachio
  3896 | D:5      | Reached XP level 8. HP: 41/55 MP: 8/8
  4325 | D:6      | Noticed Jeremiah
  4474 | D:5      | Killed Jeremiah
  4475 | D:5      | Reached skill level 4 in Armour
  5092 | D:6      | Reached skill level 5 in Armour
  5384 | D:6      | Identified a scroll of acquirement
  5384 | D:6      | Acquired a manual of Fighting
  5500 | D:7      | Reached XP level 9. HP: 28/60 MP: 9/9
  5657 | D:7      | Noticed a komodo dragon
  5693 | D:7      | Killed a komodo dragon
  5694 | D:7      | Reached skill level 6 in Armour
  6323 | D:7      | Found a transporter.
  6333 | D:7      | Found a transporter.
  6333 | D:7      | Noticed MachoJfn's ghost (novice DsGl)
  6352 | D:7      | Identified the +0 robe "Wyrex" {rN+}
  6636 | D:8      | Noticed Pikel
  6659 | D:8      | Killed Pikel
  6660 | D:8      | Reached skill level 10 in Maces & Flails
  6660 | D:8      | Reached skill level 7 in Armour
  6860 | D:8      | Reached XP level 10. HP: 61/65 MP: 10/10
  6952 | D:8      | Found a shadowy altar of Dithmenos.
  7244 | D:8      | Noticed Psyche
  7286 | D:8      | Killed Psyche
  7335 | D:8      | Noticed a two-headed ogre
  7345 | D:8      | Killed a two-headed ogre
  7346 | D:8      | Reached skill level 8 in Armour
  7535 | D:8      | Noticed Prince Ribbit
  7551 | D:8      | Killed Prince Ribbit
  7770 | D:8      | Identified the +3 ring mail of a volcano {+Inv rN+}
  8267 | D:9      | Reached skill level 5 in Shields
  8286 | D:9      | Reached skill level 10 in Fighting
  8555 | D:9      | Reached XP level 11. HP: 65/73 MP: 11/11
  8589 | D:9      | Reached skill level 1 in Evocations
  8612 | D:9      | Found a runed translucent door.
  8639 | D:9      | Identified the +1 trident of Uqyef {holy, *Corrode rElec
                  | Int+6 SInv}
  8639 | D:9      | Noticed pigah's ghost (novice OpSh)
  8680 | D:9      | Found a sacrificial altar of Ru.
  8697 | D:9      | Found a staircase to the Lair.
  8946 | D:10     | Entered Level 10 of the Dungeon
  9628 | D:10     | Noticed Nergalle
  9641 | D:10     | Killed Nergalle
  9716 | D:10     | Found a basalt altar of Yredelemnul.
 10118 | Lair:1   | Entered Level 1 of the Lair of Beasts
 10203 | Lair:1   | Upgraded the game from 0.31-a0-1237-gabc64e778c to
                  | 0.31-a0-1278-g11c5b68f87
 11031 | Lair:1   | Reached XP level 12. HP: 20/84 MP: 12/12
 11349 | Lair:2   | Found a hole to the Spider Nest.
 11466 | Lair:2   | Noticed Maggie
 11486 | Lair:2   | Killed Maggie
 11527 | Lair:2   | Reached skill level 5 in Evocations
 11589 | Lair:2   | Noticed a skyshark
 11620 | Lair:2   | Killed a skyshark
 12220 | Lair:2   | Noticed Erica
 12253 | Lair:2   | Killed Erica
 12749 | Lair:2   | Upgraded the game from 0.31-a0-1278-g11c5b68f87 to
                  | 0.31-a0-1370-gf52a5a9ab3
 12749 | Lair:2   | Upgraded the game from 0.31-a0-1370-gf52a5a9ab3 to
                  | 0.31-a0-1424-g2add1c7226
 12761 | Lair:3   | Upgraded the game from 0.31-a0-1424-g2add1c7226 to
                  | 0.31-a0-1540-g5a0b83f448
 12840 | Lair:3   | Noticed a skyshark
 12856 | Lair:3   | Killed a skyshark
 12946 | Lair:3   | Noticed Josephine
 12953 | Lair:3   | Killed Josephine
 13101 | Lair:3   | Found a gate leading to a gauntlet.
 13108 | Gauntlet | Entered a Gauntlet
 13108 | Gauntlet | Found a transporter.
 13108 | Gauntlet | Found a transporter.
 13112 | Gauntlet | Found a transporter.
 13121 | Gauntlet | Found the +2 cloak of the Thief {*Fog Slay-2 SInv Stlth+}
 13123 | Gauntlet | Found a transporter.
 13138 | Gauntlet | Found a transporter.
 13144 | Gauntlet | Found a large runed translucent door.
 13144 | Gauntlet | Noticed a great orb of eyes
 13145 | Gauntlet | Found a large runed translucent door.
 13147 | Gauntlet | Found a runed translucent gate.
 13148 | Gauntlet | Found a transporter.
 13148 | Gauntlet | Found a transporter.
 13151 | Gauntlet | Found a runed translucent gate.
 13151 | Gauntlet | Found a runed translucent gate.
 13153 | Gauntlet | Found a large runed translucent door.
 13153 | Gauntlet | Found a transporter.
 13153 | Gauntlet | Found a large runed translucent door.
 13153 | Gauntlet | Found a large runed translucent door.
 13154 | Gauntlet | Found a large runed translucent door.
 13154 | Gauntlet | Found a large runed translucent door.
 13154 | Gauntlet | Found a large runed translucent door.
 13171 | Gauntlet | Found a large runed translucent door.
 13171 | Gauntlet | Found a large runed translucent door.
 13171 | Gauntlet | Found a runed translucent door.
 13171 | Gauntlet | Found a runed translucent door.
 13172 | Gauntlet | Found a large runed translucent door.
 13173 | Gauntlet | Found a large runed translucent door.
 13175 | Gauntlet | Found a transporter.
 13189 | Gauntlet | Found a transporter.
 13200 | Gauntlet | Found a transporter.
 13244 | Gauntlet | Found a transporter.
 13252 | Gauntlet | Noticed a tengu warrior
 13258 | Gauntlet | Found a transporter.
 13351 | Gauntlet | Found a transporter.
 13360 | Gauntlet | Found a transporter.
 13380 | Gauntlet | Found a transporter.
 13390 | Gauntlet | Found a large runed translucent door.
 13390 | Gauntlet | Found a large runed translucent door.
 13391 | Gauntlet | Found a large runed translucent door.
 13392 | Gauntlet | Found a large runed translucent door.
 13499 | Gauntlet | Identified the +8 morningstar "Vos Juy" {venom, *Rage rElec
                  | Will+++ Str+2}
 13542 | Gauntlet | Identified the +8 orcbow of the End {freeze, rPois rCorr
                  | Int-5 Stlth+}
 13581 | Gauntlet | Killed a great orb of eyes
 13586 | Gauntlet | Reached skill level 9 in Armour
 13586 | Gauntlet | Reached XP level 13. HP: 90/90 MP: 13/13
 13597 | Gauntlet | Identified the +3 morningstar "Gehif" {holy, SInv}
 13634 | Gauntlet | Noticed a minotaur
 13642 | Gauntlet | Killed a minotaur
 13841 | Lair:3   | Found a runed translucent gate.
 13842 | Lair:3   | Found a runed translucent gate.
 13843 | Lair:3   | Found a runed translucent gate.
 13846 | Lair:3   | Found a viscous altar of Jiyva.
 13846 | Lair:3   | Noticed freelancePsychic's ghost (journeyman DjSh)
 14090 | Lair:3   | Found a staircase to the Shoals.
 15316 | Lair:5   | Entered Level 5 of the Lair of Beasts
 15325 | Lair:5   | Reached skill level 10 in Armour
 15418 | Lair:5   | Reached skill level 15 in Maces & Flails
 15754 | Lair:5   | Identified the +6 dagger of Parts Unknown {flame, rElec
                  | Str+5 Dex-4}
 15759 | Lair:5   | Identified the +8 trident of Midnight {holy, rC+}
 15833 | Lair:5   | Reached skill level 11 in Armour
 16162 | Lair:5   | Gained mutation: Your large and strong wings let you fly.
                  | [Gargoyle growth]
 16162 | Lair:5   | Reached XP level 14. HP: 83/96 MP: 14/14
 16329 | Lair:5   | Found a staircase to the Slime Pits.
 16329 | Lair:5   | Found a viscous altar of Jiyva.
 16486 | Lair:5   | Reached skill level 12 in Armour
 16790 | D:11     | Got the Catalogue of Toxicants and Open Graves
 17305 | D:11     | Found a staircase to the Orcish Mines.
 17723 | D:12     | Acquired a manual of Armour
 18006 | D:12     | Reached skill level 13 in Armour
 18566 | D:13     | Reached skill level 10 in Shields
 18962 | D:13     | Found a glowing golden altar of the Shining One.
 19375 | D:13     | Found a gate to the Vaults.
 19383 | D:13     | Reached skill level 15 in Fighting
 19550 | D:13     | Reached skill level 14 in Armour
 20125 | D:14     | Reached XP level 15. HP: 104/104 MP: 15/15
 20293 | D:15     | Entered Level 15 of the Dungeon
 20525 | D:14     | Reached skill level 15 in Armour
 20813 | D:15     | Noticed Roxanne
 20858 | D:15     | Killed Roxanne
 21566 | D:15     | Found a staircase to the Depths.
 21586 | D:15     | Reached skill level 16 in Armour
 21954 | Orc:1    | Entered Level 1 of the Orcish Mines
 22008 | Orc:2    | Entered Level 2 of the Orcish Mines
 22131 | Orc:2    | Noticed an orc warlord
 22138 | Orc:2    | Noticed an orc warlord
 22327 | Orc:2    | Killed an orc warlord
 22344 | Orc:2    | Killed an orc warlord
 22750 | Orc:2    | Found Feodgh's General Store.
 22865 | Orc:2    | Found Nihah's Antique Armour Shop.
 23026 | Orc:2    | Found Napal's Antique Weapon Emporium.
 23050 | Orc:2    | Found Oviowew's Jewellery Shop.
 23067 | Orc:2    | Found Urchariho's Armour Shop.
 23077 | Orc:2    | Bought a +3 plate armour of fire resistance for 495 gold
                  | pieces
 23077 | Orc:2    | Bought a +2 pair of gloves of hurling for 236 gold pieces
 23279 | Orc:2    | Found a staircase to the Elven Halls.
 23571 | Orc:1    | Reached XP level 16. HP: 101/112 MP: 16/16
 24390 | Shoals:1 | Entered Level 1 of the Shoals
 24457 | Shoals:1 | Reached skill level 17 in Armour
 25166 | Shoals:2 | Identified the +5 chain mail of the Four Nightingales
                  | {Rampage rF+++ Dex-5}
 26028 | Shoals:3 | Found Vew Buobaes's Weapon Boutique.
 26062 | Shoals:3 | Found Nisauts's Antique Armour Emporium.
 26097 | Shoals:3 | Reached skill level 10 in Evocations
 26174 | Shoals:3 | Bought a shiny plate armour for 780 gold pieces
 26205 | Shoals:3 | Noticed Ilsuiw
 26264 | Shoals:2 | Reached skill level 18 in Armour
 26926 | Shoals:2 | Killed Ilsuiw
 27253 | Shoals:3 | Noticed a kraken
 27271 | Shoals:3 | Killed a kraken
 27972 | Shoals:4 | Entered Level 4 of the Shoals
 28030 | Shoals:4 | Noticed a kraken
 28203 | Shoals:4 | Killed a kraken
 28204 | Shoals:4 | Reached XP level 17. HP: 74/119 MP: 17/17
 28547 | Shoals:4 | Reached skill level 19 in Armour
 29144 | Shoals:4 | Noticed Louise
 29183 | Shoals:4 | Killed Louise
 29704 | Shoals:4 | Got a barnacled rune of Zot
 30518 | Spider:1 | Entered Level 1 of the Spider Nest
 30788 | Spider:1 | Found the ring of the Hare {EV+10}
 31106 | Spider:1 | Reached skill level 20 in Armour
 31405 | Spider:2 | Reached skill level 15 in Shields
 31831 | Spider:2 | Reached XP level 18. HP: 128/128 MP: 18/18
 33637 | Spider:3 | Noticed Azrael
 33662 | Spider:3 | Killed Azrael
 34125 | Spider:4 | Entered Level 4 of the Spider Nest
 34162 | Spider:3 | HP: 6/129 [burnt (9)]
 34164 | Spider:3 | Incinerated by a sun moth

Illustrated notes

Levels and vault maps discovered:
D:1:      dpeg_arrival_tiny_h, layout_loops_corners,
          shapermc_ecumenical_altar_venn, dreamdust_princess_bridge
D:2:      layout_basic, st_stairs_5, uniq_robin
D:3:      layout_basic, tso_oasis_becter, grunt_gozag_breadcrumbs,
          old_standard_altar, ashenzari_conservatory_becter, corexii_shack
D:4:      layout_rooms, lemuel_tele_altar, kennysheep_little_box,
          beargit_hepliaklqana_dungeon_heroes, nicolae_elyvilon_temple_path,
          nicolae_vehumet_radiance, minmay_temple_entry_overgrown, serial_shops,
          nicolae_shop_crystal
D:5:      layout_loops_corners, mainiacjoe_overflow_six_doors_small,
          uniq_eustachio, uniq_blork_the_orc
D:6:      layout_basic, uniq_jeremiah
D:7:      layout_loops_cross, gammafunk_ghost_hive, serial_glass,
          glass_columns_a, glass_columns_b, minmay_manual_moon
D:8:      layout_basic, grunt_dithmenos_smoke, uniq_psyche, uniq_prince_ribbit1,
          uniq_pikel
D:9:      layout_cave_pools, mainiacjoe_overflow_alcove_4, lair_entry_dummy,
          ebering_ghost_funeral_grove
D:10:     layout_basic, kennysheep_mini_moat, uniq_nergalle
D:11:     layout_loops_corners, orc_0_dummy
D:12:     layout_irregular_city, nicolae_houndstooth_variations
D:13:     layout_grid_maze, hellmonk_vaults_order_and_chaos,
          minmay_ruined_shrine
D:14:     layout_roguey, serial_glass, glass_columns_b, glass_columns_a,
          due_unseen_surprise, feat_on_display, minmay_three_doors
D:15:     hellmonk_depths_entry_around_the_bend, layout_cave_pools,
          minmay_fractal_squares_5, uniq_roxanne
Lair:1:   layout_roguey, st_stairs_11, grunt_megastairs_2
Lair:2:   layout_chaotic_city, hellmonk_spider_entry_not_the_bees,
          nicolae_lair_grove_arrangements, grunt_megastairs_4, uniq_maggie,
          uniq_erica
Lair:3:   layout_regular_city, elwin_shoals_entry_rooms, gauntlet_entry_generic,
          gammafunk_ghost_ooze, uniq_josephine
Lair:4:   layout_small_grid
Lair:5:   gammafunk_lair_ancient_temple, layout_concentric_octagons,
          slime_entry_1
Shoals:1: layout_shoals
Shoals:2: layout_shoals, nicolae_shoals_lost_giant_hut
Shoals:3: layout_shoals, serial_shops, freezing_bzr, nicolae_shop_waterfront,
          nicolae_square_shop, hangedman_shoal_volcano, uniq_ilsuiw
Shoals:4: shoals_end_grunt_garden, layout_shoals,
          nicolae_shoals_siren_and_animal_friends, uniq_louise
Spider:1: nicolae_spider_broodchamber
Spider:2: nicolae_spider_hilbert_zone_6 [nicolae_spider_hilbert_4_sides_1_open,
          nicolae_spider_hilbert_4_sides_1_open,
          nicolae_spider_hilbert_4_sides_1_open,
          nicolae_spider_hilbert_4_sides_1_open,
          nicolae_spider_hilbert_4_sides_1_open,
          nicolae_spider_hilbert_4_sides_1_open,
          nicolae_spider_hilbert_4_sides_1_open], hangedman_spider_mandibles
Spider:3: layout_spider_delve, hangedman_spider_tarantella_strand, uniq_azrael
Spider:4: guppyfry_spider_rune, drop_trap, nicolae_spider_world_wide_web
Orc:1:    layout_caves, basic_altar, mines3_lemuel
Orc:2:    grunt_orc_gardens, layout_diamond_mine, grunt_orc_garden,
          grunt_orc_garden, grunt_orc_garden, grunt_orc_garden, serial_shops,
          nicolae_shop_mannequins

Skill      XL: |  1  2  3  4  5  6  7  8  9 10 11 12 13 14 15 16 17 18 |
---------------+-------------------------------------------------------+-----
Fighting       | 4 5 6 7 8 10 13 14 15 17 18 19 | 19.7
Maces & Flails | 3 4 5 7 10 11 13 16 | 16.0
Armour         | 5 7 8 9 11 14 16 18 20 | 20.2
Shields        | 7 9 11 13 15 16 | 16.3
Evocations     | 4 6 8 11 | 11.1

Action                     |  1- 3 |  4- 6 |  7- 9 | 10-12 | 13-15 | 16-18 || total
---------------------------+-------+-------+-------+-------+-------+-------++-------
  Melee: Flail             |    79 |   126 |       |       |       |       ||   205
         Mace              |       |    54 |   254 |       |       |       ||   308
         Morningstar       |       |       |    97 |   819 |  1012 |  1360 ||  3288
 Invoke: Potion Petition   |       |       |       |       |       |     2 ||     2
    Use: Potion            |     1 |     1 |     1 |     2 |       |     2 ||     7
         Scroll            |       |    13 |     7 |     3 |     7 |     5 ||    35
   Stab: Distracted        |       |       |       |     4 |     4 |     3 ||    11
 Armour: Scale mail        |    70 |   117 |       |       |       |       ||   187
         Chain mail        |       |    40 |   274 |       |       |       ||   314
         Plate armour      |       |       |    48 |   711 |   602 |   957 ||  2318
         Skin              |       |       |       |    10 |       |       ||    10
  Dodge: Dodged            |    48 |   101 |   260 |   493 |   616 |  1044 ||  2562
  Block: Buckler           |     8 |    50 |    37 |       |       |       ||    95
         Kite shield       |       |       |   135 |   614 |   742 |    34 ||  1525
         Tower shield      |       |       |       |       |       |  1734 ||  1734
         Form:             |       |     1 |       |       |       |       ||     1
         Maw               |       |     1 |       |       |       |       ||     1

Table legend: (Time is in decaauts)
 A = Elapsed time spent in this place.
 B = Non-inter-level travel time spent in this place.
 C = Inter-level travel time spent in this place.
 D = Time resting spent in this place.
 E = Time spent auto-exploring this place.
 F = Levels seen in this place.
 G = Mean time per level.
                   A        B        C        D        E       F      G
               +--------+--------+--------+--------+--------+-----+--------+
         Total |  35044 |  33256 |   1788 |   7170 |  11021 |  31 | 1130.5 |
       Dungeon |  15988 |  14862 |   1126 |   2536 |   4631 |  15 | 1065.9 |
          Lair |   6178 |   5875 |    303 |   1445 |   1649 |   5 | 1235.6 |
        Shoals |   6289 |   6138 |    151 |   1954 |   1878 |   4 | 1572.2 |
   Spider Nest |   3768 |   3705 |     63 |    729 |   1574 |   4 |  942.0 |
  Orcish Mines |   2095 |   1951 |    144 |    504 |    888 |   2 | 1047.5 |
      Gauntlet |    723 |    723 |      0 |      0 |    399 |   1 |  723.0 |
               +--------+--------+--------+--------+--------+-----+--------+

Top non-repeatable levels by time:
Shoals:3: 2085 daAuts
Shoals:4: 1812 daAuts
Spider:2: 1624 daAuts
     D:8: 1604 daAuts
Shoals:2: 1590 daAuts
  Lair:2: 1519 daAuts
    D:13: 1510 daAuts
Spider:3: 1390 daAuts
  Lair:1: 1310 daAuts
     D:5: 1287 daAuts
  Lair:5: 1256 daAuts
    D:15: 1201 daAuts
    D:10: 1180 daAuts
     D:7: 1179 daAuts
  Lair:4: 1166 daAuts
